[Event "Romanian Superleague 2022"]
[Site "Oradea"]
[Date "2022.09.23"]
[Round "3.26"]
[White "Grigore, George-Gabriel"]
[Black "Miroshnichenko, Evgenij"]
[Result "1/2-1/2"]
[ECO "E35"]
[WhiteElo "2455"]
[BlackElo "2597"]
[Annotator "TA"]
[PlyCount "36"]
[EventDate "2022.09.21"]
[EventType "team-tourn"]
[EventCountry "ROU"]
[SourceTitle "playchess.com"]
[Source "ChessBase"]
[SourceQuality "1"]
[TimeControl "40/5400+30:1800+30"]

1. d4 Nf6 2. c4 e6 3. Nc3 Bb4 4. Qc2 d5 5. cxd5 exd5 6. Bg5 h6 7. Bh4 g5 {[%emt 0:05:24] E35: Nimzo-Indian: Classical: 4...d5 5 cxd5 exd5.} 8. Bg3 Ne4 {[%emt 0:00:32] 8...Nc6 is more advanced technology.} 9. e3 h5 {[%emt 0:10:59] White is slightly better.} 10. f3 Bxc3+ 11. bxc3 Nxg3 12. hxg3 Qd6 13. g4 h4 {[%emt 0:00:45] [#]} 14. Bd3 $146 ({Predecessor:} 14. Nh3 Qe7 15. Kf2 O-O 16. Bd3 c5 17. Rae1 f6 18. e4 c4 19. Bf1 Qc7 20. e5 {1-0 (29) Ghazizadeh,A (1865)-Vagoohian,R (1770) Teheran 2014}) 14... c5 15. Nh3 Rg8 16. O-O Nc6 17. Rab1 b6 18. Rfe1 {[%emt 0:14:21] Black must now prevent e4.} Be6 {[%emt 0:09:02] Weighted Error Value: White=0.04 (flawless) /Black=0.13 (very precise)} 1/2-1/2

[Event "Romanian Superleague 2022"]
[Site "Oradea"]
[Date "2022.09.23"]
[Round "3.27"]
[White "Szabo, Gergely-Andras-Gyula"]
[Black "Istratescu, Andrei"]
[Result "1-0"]
[ECO "C45"]
[WhiteElo "2512"]
[BlackElo "2408"]
[Annotator "TA"]
[PlyCount "41"]
[EventDate "2022.09.21"]
[EventType "team-tourn"]
[EventCountry "ROU"]
[SourceTitle "playchess.com"]
[Source "ChessBase"]
[SourceQuality "1"]
[TimeControl "40/5400+30:1800+30"]

1. e4 e5 2. Nf3 Nc6 3. d4 exd4 4. Nxd4 Bc5 5. Nb3 Bb6 6. Nc3 Nf6 7. Bg5 h6 {[%emt 0:08:07] 7...0-0 is the hot move.} 8. Bh4 g5 {[%emt 0:00:47] C45: Scotch Game.} 9. Bg3 {[%emt 0:00:05] [#] Hoping for a4.} d6 10. Qd2 Be6 {[%emt 0:05:39] White is slightly better.} 11. O-O-O Qe7 12. Bb5 O-O-O 13. Bxc6 bxc6 14. Nd4 {[%emt 0:01:04] [#]} Kb7 $146 ({Predecessor:} 14... Bd7 15. Rhe1 Nh5 16. Nb3 Nxg3 17. hxg3 Qf6 18. f3 Qe5 19. a4 Qxg3 20. a5 Bc5 21. Nxc5 dxc5 {1-0 (43) Darini,P (2432)-Asbahi,M (2014) Chess.com INT 2021}) 15. Qe2 Rhe8 16. Rhe1 ({Don't go for} 16. Nxc6 $2 Kxc6 17. Qa6 Bc8 $19) 16... c5 ({Better is} 16... Nd7 $11) 17. Nxe6 $14 fxe6 ({Black should play} 17... Qxe6 $14 18. Qf3 g4) 18. e5 $16 {[%emt 0:01:30] White is more active.} Ng8 {[%emt 0:00:02] [#]} (18... dxe5 $16 {keeps fighting.} 19. Bxe5 c6) 19. exd6 $18 cxd6 20. Qf3+ Kb8 $2 (20... d5 21. Nxd5 g4) 21. Nb5 {[%emt 0:01:37] Weighted Error Value: White=0.05 (flawless) /Black=0.58} 1-0

[Event "Romanian Superleague 2022"]
[Site "Oradea"]
[Date "2022.09.23"]
[Round "3.28"]
[White "Vedmediuc, Serghei"]
[Black "Nevednichy, Vladislav"]
[Result "1/2-1/2"]
[ECO "B51"]
[WhiteElo "2430"]
[BlackElo "2472"]
[Annotator "TA"]
[PlyCount "113"]
[EventDate "2022.09.21"]
[EventType "team-tourn"]
[EventCountry "ROU"]
[SourceTitle "playchess.com"]
[Source "ChessBase"]
[SourceQuality "1"]
[TimeControl "40/5400+30:1800+30"]

1. e4 c5 2. Nf3 d6 3. Bb5+ Nd7 4. c3 Ngf6 5. Qe2 a6 6. Ba4 e5 7. d4 b5 8. Bc2 Be7 9. O-O O-O 10. Rd1 Qc7 {[%emt 0:00:54] B51: Sicilian: Moscow Variation (3 Bb5+) without 3...Bd7.} 11. a4 Rb8 12. Na3 cxd4 13. cxd4 {[%emt 0:00:12][%cal Ra4b5] [#]} b4 $146 ({Predecessor:} 13... bxa4 14. Bxa4 exd4 15. Nxd4 Nc5 16. Bc2 Re8 17. f3 d5 18. e5 Bf8 19. Be3 Qxe5 {½-½ (50) Balogh,C (2641)-Babula,V (2585) Austria 2012}) 14. Nc4 b3 15. Bd3 exd4 16. Bf4 Nh5 17. Bd2 Nc5 18. Nxd4 {[%emt 0:06:23] [#] Black must now prevent Ba5.} g6 19. Bh6 Re8 20. Ne3 Bb7 21. Bc4 {[%emt 0:01:42][%cal Oc4f7] Hoping for Bxf7+!} Bf6 {[%emt 0:08:55] [#]} 22. f3 (22. Nxb3 $6 Nxb3 23. Bxb3 Bxe4 $11) 22... Qd8 (22... Be5 $16 {is a better defense.}) 23. Qd2 Bg5 24. Bxg5 Qxg5 25. Bd5 ({Don't do} 25. Nxb3 $6 Nxb3 26. Bxb3 Bxe4 27. Bxf7+ (27. fxe4 Rxb3 28. Nd5 Qxd2 $17) 27... Kxf7 $14) 25... h6 26. Bxb7 Rxb7 27. Ng4 (27. Nd5 $16) 27... Qxd2 (27... Nxe4 $1 $11 28. Nxh6+ Kh7 29. Qxg5 (29. fxe4 Qxd2 30. Rxd2 Kxh6 $15) 29... Nxg5) 28. Rxd2 $14 Kg7 29. Ne2 f5 30. exf5 gxf5 31. Nf2 Rb4 32. Nc3 Re6 33. a5 (33. g3 $14 {is superior.}) 33... Nf4 $11 34. g3 Ng6 35. Rad1 Ne5 36. Rxd6 Nxf3+ 37. Kg2 Rxd6 38. Rxd6 Rd4 39. Rc6 Ne1+ {[%emt 0:00:01] The position is equal.} 40. Kf1 Ned3 41. Nxd3 Nxd3 42. Rxa6 {[%emt 0:04:06] Ra7+ is the strong threat.} Nxb2 {[%emt 0:00:03][%mdl 4096] Endgame KRN-KRN} 43. Rb6 Na4 ({Don't take} 43... Nc4 44. Rb7+ Kf6 45. a6 $16) 44. Rxb3 Nxc3 $1 45. Rxc3 {[%emt 0:00:06] Strongly threatening Ra3. KR-KR} Ra4 {[%emt 0:00:02] Inhibits Ra3.} 46. Rc5 Kg6 47. h3 Ra2 48. Rb5 Kf6 49. Ke1 Ra3 50. Rb6+ Kg5 51. h4+ Kh5 52. Kf2 Rxa5 53. Kf3 Rc5 54. Kf4 Ra5 55. Rf6 Rb5 56. Rxf5+ Rxf5+ 57. Ke4 $2 {[%emt 0:02:55][%mdl 40960] Weighted Error Value: White=0.10 (very precise) /Black=0.10 (very precise) . An unexpected result.} (57. Kxf5 $11) 1/2-1/2

[Event "Romanian Superleague 2022"]
[Site "Oradea"]
[Date "2022.09.23"]
[Round "3.29"]
[White "Stoleriu, George"]
[Black "Manea, Alexandru"]
[Result "1/2-1/2"]
[ECO "B10"]
[WhiteElo "2392"]
[BlackElo "2326"]
[Annotator "TA"]
[PlyCount "112"]
[EventDate "2022.09.21"]
[EventType "team-tourn"]
[EventCountry "ROU"]
[SourceTitle "playchess.com"]
[Source "ChessBase"]
[SourceQuality "1"]
[TimeControl "40/5400+30:1800+30"]

1. e4 c6 2. Nf3 d5 3. d3 g6 4. e5 Bg7 5. d4 f6 6. exf6 {[%emt 0:02:50] B10: Caro-Kann: 2 d3 and 2 c4.} exf6 7. Bd3 Ne7 8. O-O {[%emt 0:00:09] [#]} O-O $146 ({Predecessor:} 8... Na6 9. Bxa6 bxa6 10. Re1 Kf7 11. c4 dxc4 12. Nc3 Nd5 13. Qa4 Nb6 14. Qxc6 Bd7 {0-1 (69) Pichot,A (2630)-Caruana,F (2820) chess24.com INT 2021}) 9. Re1 a5 10. a4 Na6 11. c3 Bf5 12. Na3 Re8 13. Nc2 Qd7 14. b3 Nc7 15. Ba3 Kf7 16. Ne3 Be4 17. Bxe4 dxe4 18. Nd2 f5 (18... Ned5 $11 {remains equal.}) 19. Ndc4 $16 Nc8 {[%emt 0:00:00] Prevents Nb6.} 20. f3 {[%emt 0:01:28] White is more active.} Nd5 (20... Kg8 $16 {was necessary.}) 21. Ne5+ $1 $18 Bxe5 22. dxe5 Ncb6 (22... Rxe5 $142 23. Qd4 Re8) 23. fxe4 $2 (23. Nc4 $1 $18 ) 23... Nxe3 $16 24. Qxd7+ (24. Rxe3 $16 {Rd3 is the strong threat.} Qxd1+ 25. Rxd1 Rxe5 26. Rh3) 24... Nxd7 $11 25. Rxe3 {[%emt 0:00:06] Threatening Rh3.} Rxe5 26. Rd3 Nf6 27. exf5 Rxf5 28. Re1 {[%emt 0:00:54] With the idea Re7+.} Re8 {[%emt 0:00:07] Prevents Re7+.} 29. Rxe8 Kxe8 {[%emt 0:00:08][%mdl 4096] Endgame KRB-KRN} 30. Re3+ Kd8 31. Re7 b5 32. Ra7 Nd5 33. axb5 (33. Bd6 $11 {was preferrable.}) 33... Nxc3 $15 {[%emt 0:00:15] ( -> ...Ne2+)} 34. g4 ({Of course not} 34. Be7+ Ke8 35. g4 Rxb5 $17) 34... Rxb5 35. Rxh7 Rxb3 36. Bd6 a4 {[%emt 0:00:06][%cal Ba5a4,Ba4a3][%mdl 32] aiming for ...a3.} 37. Be5 a3 38. Ra7 ({White should play} 38. Kg2) 38... Nb5 $17 39. Ra6 Re3 (39... Kd7 $19 {Strongly threatening ...Ke6.} 40. Kg2 Re3) 40. Bf6+ Kc7 41. Kf2 Re6 42. g5 (42. Bg5 $17 {might work better.}) 42... Kb7 43. Ra4 c5 $1 44. h4 Kc6 45. Kg3 Re3+ (45... Kd5 $19 46. Kf3 c4) 46. Kf2 Re8 47. Kg3 (47. h5 $15 gxh5 48. g6) 47... Re3+ (47... Kd5 $1 $17 {Hoping for ...Re4.} 48. h5 gxh5) 48. Kf2 $1 $11 Re6 (48... Rh3 $11 49. Kg2 Re3) 49. Kg3 $1 $19 Kd5 50. h5 (50. Kf4 $142) 50... gxh5 51. Kh4 $2 {[%emt 0:00:05] [#]} (51. Kh3 $19) 51... c4 $2 (51... Re4+ $1 {mates} 52. Rxe4 Kxe4 53. Kxh5 Nd6 54. Bh8 c4 55. g6 Ne8 56. Kh4 Kd3 57. Kg4 c3 58. g7 {[#]} Nxg7 $1 59. Bxg7 c2 60. Bh6 a2 61. Kf5 a1=Q 62. Bg5 Qa5+ 63. Kg6 Ke4 64. Bc1 Qa6+ 65. Kg5 Qa1 66. Kh5 Qxc1 67. Kg6 Qf4 68. Kh5 c1=Q 69. Kg6 Qg1+ 70. Kh7 Qh4#) 52. Kxh5 $11 {[%emt 0:00:49] The position is equal.} Rc6 53. g6 {[%emt 0:01:13][%cal Oa4a5] Threatens to win with Ra5!} c3 (53... Rxf6 $2 54. g7 Kd4 55. g8=Q $18) 54. g7 Rc8 55. Bxc3 Nxc3 56. Rxa3 Ne4 {[%emt 0:00:11] Quite a comeback for White.  Weighted Error Value: White=0.30/Black=0.33} 1/2-1/2

[Event "Romanian Superleague 2022"]
[Site "Oradea"]
[Date "2022.09.23"]
[Round "3.30"]
[White "Antonica, Dragos-Andrei"]
[Black "Ungureanu, Vlad"]
[Result "1/2-1/2"]
[ECO "E94"]
[WhiteElo "2321"]
[BlackElo "2287"]
[Annotator "TA"]
[PlyCount "83"]
[EventDate "2022.09.21"]
[EventType "team-tourn"]
[EventCountry "ROU"]
[SourceTitle "playchess.com"]
[Source "ChessBase"]
[SourceQuality "1"]
[TimeControl "40/5400+30:1800+30"]

1. d4 Nf6 2. Nf3 d6 3. c4 g6 4. Nc3 Bg7 5. e4 O-O 6. Be2 Nbd7 7. O-O e5 8. Be3 Re8 9. Qc2 c6 {[%emt 0:16:38] 9...b6 is the modern continuation.} 10. d5 {[%emt 0:00:44] E94: King's Indian: Classical: 6 Be2 e5 7 0-0: Various Black 7th moves.} c5 11. Ne1 {[%emt 0:03:10] White is more active.} a6 12. Rb1 {[%emt 0:08:40] [#] White is better.} h5 $146 ({Predecessor:} 12... b6 13. Nd3 Qe7 14. f3 h6 15. b4 Nh7 16. a4 f5 17. a5 bxa5 18. bxc5 dxc5 {1-0 (33) Izquierdo,D (2295)-Barboza,M Uruguay 1991}) 13. f3 Kh7 14. b4 Bh6 15. Bxh6 Kxh6 16. Nd3 Qc7 (16... cxb4 $14 {is more appropriate.} 17. Rxb4 (17. Nxb4 Qb6+ 18. Kh1 Kg7 $14) 17... b6) 17. Qc1+ Kg7 18. Qa3 cxb4 19. Qxb4 b6 20. Rfc1 Rb8 21. Bd1 Nc5 (21... Rb7 $11 {keeps the balance.}) 22. Nxc5 $16 dxc5 23. Qa3 h4 24. Rc2 Nh5 25. Qc1 ({White should play} 25. Rcb2 $16) 25... Qd8 26. Qd2 Nf4 27. Kh1 Qf6 28. Rcb2 {[%emt 0:01:17] And now Na4 would win.} Bd7 29. a4 {[%emt 0:01:32] Prevents b5.} a5 30. Rb3 (30. Be2 {feels hotter.} Red8 31. Qe3 Qg5 32. Qf2) 30... Red8 31. R3b2 Be8 32. Qe3 Qg5 33. Rd2 Rd6 34. Bc2 Bd7 35. Rg1 Rh8 36. Qe1 $2 (36. Bd3 $14) 36... Rf6 $2 ({Better is} 36... Nh5 $1 $19 {[%cal Rh5g3] ( -> ...Ng3+!)} 37. Rf1 Ng3+ $1 38. Kg1 (38. hxg3 {is a self mate.} hxg3+ 39. Kg1 Rh1+ 40. Kxh1 Qh6+ 41. Kg1 Qh2#) 38... Nxf1 39. Kxf1 Qf4) 37. Rf2 (37. Rf1 $14 {keeps the upper hand.}) 37... Nh5 $1 $17 38. Rgf1 {[%emt 0:00:36] [#]} Ng3+ $1 39. Kg1 Nxf1 40. Rxf1 {[%emt 0:00:00][%mdl 8192] [#]} (40. Kxf1 $17 Qf4 41. Kg1) 40... Qf4 $2 ({Weaker is} 40... h3 41. g3 $17) (40... Bh3 $1 $19 {[%csl Gh3][%cal Rg5g2] and Black stays clearly on top.} 41. Rf2 {[#]} Rxf3 $3 ) 41. h3 Rd6 42. Qc1 {[%emt 0:00:34] Weighted Error Value: White=0.42/Black=0.29 (precise)} (42. Kh1 $17) 1/2-1/2

[Event "Romanian Superleague 2022"]
[Site "Oradea"]
[Date "2022.09.24"]
[Round "4.1"]
[White "Tarlev, Konstantin"]
[Black "Pranav Vijay"]
[Result "1-0"]
[ECO "A27"]
[WhiteElo "2576"]
[BlackElo "2265"]
[Annotator "TA"]
[PlyCount "88"]
[EventDate "2022.09.21"]
[EventType "team-tourn"]
[EventCountry "ROU"]
[SourceTitle "playchess.com"]
[Source "ChessBase"]
[SourceQuality "1"]
[TimeControl "40/5400+30:1800+30"]

1. c4 e5 2. Nc3 Nc6 3. Nf3 g6 4. d4 exd4 5. Nxd4 Bg7 6. Nxc6 bxc6 7. g3 Ne7 8. Bg2 O-O 9. O-O a5 {[%emt 0:00:20] A27: English Opening: Three Knights Variation.} 10. Qc2 Ba6 11. b3 $1 {[%emt 0:06:16] [#]} a4 $146 {[%emt 0:03:41] White is slightly better.} ({Predecessor:} 11... d5 12. Bb2 Re8 13. Rfd1 Qc8 14. cxd5 cxd5 15. Nxd5 Nxd5 16. Bxg7 Rxe2 17. Rd2 Qf5 18. Qxf5 gxf5 19. Rxd5 Kxg7 20. Rxa5 {1-0 (31) Ribli,Z (2534)-Borocz,I (2376) Hungary 2018}) 12. Bb2 axb3 13. axb3 Nf5 14. Ne4 {[%emt 0:10:54] Black must now prevent Nc5. White is more active.} Qe7 {[%emt 0:01:28] Against Nc5} 15. Rfd1 {[%emt 0:13:46] Against Nd4} d6 $2 (15... Rfd8 $16) 16. g4 $1 $18 d5 17. cxd5 ({Less strong is} 17. gxf5 Bxb2 18. Qxb2 dxe4 $16) 17... cxd5 18. Rxd5 ({Weaker is} 18. gxf5 Bxb2 19. Qxb2 dxe4 $11) (18. Bxg7 Nxg7 19. Ng3 (19. Rxd5 Bd3 $11) 19... c6 $11) 18... Bb7 19. Rxa8 $1 Rxa8 {[%emt 0:10:17] [#]} 20. gxf5 $1 {[%emt 0:05:25] Strongly threatening f6.} Bxd5 {[%emt 0:00:08] [#]} 21. f6 $1 ({And not} 21. Bxg7 gxf5 22. Ng3 (22. Nf6+ Kxg7 23. Nh5+ Kh6 $15) 22... Bxg2 23. Kxg2 f4 $11) 21... Qb4 {[%emt 0:00:16] Hoping for ...Bh6.} 22. fxg7 {[%emt 0:01:58] White threatens Nf6+ and mate.} Qe1+ 23. Bf1 {[%emt 0:00:04] Nf6+ would kill now.} Bxe4 24. Qxe4 {[%emt 0:00:10][%cal Re4a8] Chess con chili.} Rb8 25. Qe5 Qb4 26. Qxc7 Qxb3 27. Bd4 Ra8 28. e3 Qd1 (28... Qb8 $142 29. Qc6 Qd8) 29. Qf4 Rc8 30. Kg2 Qb3 {[%emt 0:00:10] Against Bc4} 31. Be2 Qd5+ 32. Bf3 Qb5 33. h4 Re8 34. Qf6 {[%emt 0:00:52] White wants to mate with Bc6.} Rc8 {[%emt 0:00:32] Against Bc6} (34... Re6 $142) 35. h5 gxh5 36. Be4 {[%emt 0:01:21] Threatening mate with Qh6.} Qd7 37. f3 {[%emt 0:00:17] Intending Qe5 and mate.} Qb5 38. Kg3 {[%emt 0:01:36] White mates.} Qa5 39. Kh3 Qe1 {[%emt 0:02:14] [#]} 40. Bxh7+ $1 Kxh7 41. Qf5+ Kh6 42. Qxc8 Qh1+ 43. Kg3 Qe1+ {[%emt 0:00:06] [#]} 44. Kf4 $1 Qh4+ {[%emt 0:58:37] Black got outplayed after the opening.  Weighted Error Value: White=0.14 (very precise) /Black=0.34} 1-0

[Event "Romanian Superleague 2022"]
[Site "Oradea"]
[Date "2022.09.24"]
[Round "4.2"]
[White "Grigore, George-Gabriel"]
[Black "Ionescu, Constantin"]
[Result "1-0"]
[ECO "E39"]
[WhiteElo "2455"]
[BlackElo "2415"]
[Annotator "TA"]
[PlyCount "101"]
[EventDate "2022.09.21"]
[EventType "team-tourn"]
[EventCountry "ROU"]
[SourceTitle "playchess.com"]
[Source "ChessBase"]
[SourceQuality "1"]
[TimeControl "40/5400+30:1800+30"]

1. d4 Nf6 2. c4 e6 3. Nc3 Bb4 4. Qc2 c5 5. dxc5 O-O 6. a3 Bxc5 7. Nf3 b6 8. Bg5 Bb7 9. e3 Be7 10. Be2 {[%emt 0:01:41] E39: Nimzo-Indian: Classical: 4...c5 5 dxc5 0-0.} d6 11. O-O Nbd7 12. Rfd1 {[%emt 0:15:18] The position is equal.} a6 13. Bf4 Qc7 14. h3 Rfd8 15. Rac1 Rac8 16. b4 h6 17. Qb1 Qb8 18. e4 {[%emt 0:06:21] [#]} Ne5 $146 ({Predecessor:} 18... Nf8 19. Be3 N6d7 20. Nd4 Qa8 21. f3 Ng6 22. g3 Qb8 {½-½ (34) Tesic,D (2390)-Kovacevic,A (2575) Neum 2011}) 19. Nxe5 dxe5 20. Rxd8+ Rxd8 21. Be3 Bc6 22. b5 axb5 23. cxb5 Ba8 24. a4 Ba3 25. Rd1 Rc8 26. Qb3 Bc5 27. Bxc5 Rxc5 28. a5 $36 {[%emt 0:06:01][%mdl 2048] White has some pressure.} bxa5 (28... Nxe4 $2 29. Na4 $16 (29. Nxe4 Bxe4 30. Qe3 Bd5 $11)) 29. Na4 Rc8 30. f3 {[%emt 0:01:17][%mdl 1024] White has compensation.} Bb7 31. b6 Ne8 32. Qb2 h5 (32... f5 $14) 33. Kh1 $16 {[%emt 0:00:52] White has more active pieces.} h4 34. Bf1 (34. Kh2 $16) 34... Nf6 (34... Rd8 $1 $14 35. Rxd8 Qxd8) 35. Bb5 Nh5 {[%emt 0:02:32] [#]} (35... Rd8 $16 36. Rxd8+ Qxd8) 36. Qd2 $1 $18 Nf6 37. Qxa5 Rc2 (37... Rd8 $16 {keeps fighting.} 38. Rc1 Qd6) 38. Qb4 {[%emt 0:01:26] aiming for Qe7.} Kh7 39. Qe7 $2 (39. Qe1 $18) 39... Kg6 $2 (39... Qc8 $1 $11) 40. Rd8 Rc8 41. Rxc8 Qxc8 42. Nc5 Qa8 (42... Ba8 $142 43. Qc7 Qf8) 43. Nxb7 {[%emt 0:01:13] White is clearly winning.} Qa1+ 44. Kh2 {[%emt 0:00:06] Hoping for Nd8.} Qe1 45. Qc5 Qg3+ 46. Kg1 {[%emt 0:04:12] Black must now prevent Nd6.} Qe1+ {[%emt 0:01:48] [#]} 47. Bf1 $1 Nh5 48. Qf2 Qb4 {[%emt 0:00:24] [#]} 49. Na5 $1 Qxa5 (49... Qb1 50. Nc4) 50. b7 Qc7 51. Qa7 {[%emt 0:00:12] Weighted Error Value: White=0.17 (very precise) /Black=0.31} 1-0

[Event "Romanian Superleague 2022"]
[Site "Oradea"]
[Date "2022.09.24"]
[Round "4.3"]
[White "Soltanici, Ruslan"]
[Black "Istratescu, Andrei"]
[Result "1/2-1/2"]
[ECO "B13"]
[WhiteElo "2333"]
[BlackElo "2408"]
[Annotator "TA"]
[PlyCount "89"]
[EventDate "2022.09.21"]
[EventType "team-tourn"]
[EventCountry "ROU"]
[SourceTitle "playchess.com"]
[Source "ChessBase"]
[SourceQuality "1"]
[TimeControl "40/5400+30:1800+30"]

1. e4 c6 2. d4 d5 3. exd5 cxd5 4. c4 Nf6 5. Nc3 Nc6 6. Nf3 Bg4 7. cxd5 Nxd5 8. Qb3 Bxf3 9. gxf3 e6 10. Qxb7 Nxd4 11. Bb5+ Nxb5 12. Qc6+ Ke7 13. Qxb5 Qd7 14. Nxd5+ Qxd5 15. Bg5+ f6 16. Qxd5 exd5 17. Be3 Ke6 18. O-O-O Bb4 19. Kb1 {[%emt 0:11:46] B13: Caro-Kann: Exchange Variation and Panov-Botvinnik Attack.} (19. a3 $5 Rhc8+ 20. Kb1 $11) 19... Rhd8 20. Rd3 Rd7 21. Rc1 {[%emt 0:08:01] Against Rc8} Rad8 22. Rc6+ {[%emt 0:04:10] [#]} Kf7 $146 ({Predecessor:} 22... Rd6 23. Rc7 d4 24. Bf4 R6d7 25. Rc4 Be1 26. Bg3 Ba5 27. b4 Bb6 28. a4 Kd5 {1-0 (59) Andreikin,D (2625)-Popov,V (2570) Voronezh 2009}) 23. a3 Bd6 24. Rxd5 Bxh2 25. Rh5 Be5 26. f4 Bd4 ({Resist} 26... Rd1+ 27. Kc2 Bb8 28. Rxh7 $16) 27. Rxh7 Bxe3 28. fxe3 $11 {[%emt 0:00:31][%mdl 4096] Endgame KRR-KRR} Kg6 29. Rh3 Kf5 30. Rg3 g5 31. fxg5 fxg5 32. Rc5+ Rd5 33. e4+ Kxe4 34. Rxg5 Kd4 {[%emt 0:03:50] Against Rc4+} 35. Rgxd5+ Rxd5 {[%emt 0:00:29] KR-KR} 36. Rc7 a5 37. b3 Rh5 38. Rc4+ Kd3 39. a4 Rg5 40. Kb2 Rg2+ 41. Ka3 {[%emt 0:01:07] [#] Black must now prevent Rc5.} Rg5 {[%emt 0:00:38] Against Rc5} 42. Rh4 Kc3 43. Rc4+ Kd3 {[%emt 0:00:04] [#]} 44. Rc8 (44. Rf4 $1 $16) 44... Kd4 45. Rc4+ {[%emt 0:01:06] Weighted Error Value: White=0.08 (flawless) /Black=0.03 (flawless)} 1/2-1/2

[Event "Romanian Superleague 2022"]
[Site "Oradea"]
[Date "2022.09.24"]
[Round "4.4"]
[White "Vedmediuc, Serghei"]
[Black "Cosma, Ioan"]
[Result "1/2-1/2"]
[ECO "B48"]
[WhiteElo "2430"]
[BlackElo "2367"]
[Annotator "TA"]
[PlyCount "51"]
[EventDate "2022.09.21"]
[EventType "team-tourn"]
[EventCountry "ROU"]
[SourceTitle "playchess.com"]
[Source "ChessBase"]
[SourceQuality "1"]
[TimeControl "40/5400+30:1800+30"]

1. e4 c5 2. Nf3 Nc6 3. d4 cxd4 4. Nxd4 Qc7 5. Nc3 e6 6. Be3 a6 7. Qf3 {[%emt 0:00:28] B48: Sicilian: Taimanov: 5 Nc3 Qc7 6 Be3 a6 without Be2.} Bd6 8. O-O-O Be5 $1 9. g3 {[%emt 0:00:51] White is slightly better.} Nge7 10. Qe2 b5 11. f4 {[%emt 0:01:56] [#] Threatens to win with Nxc6.} Bxd4 12. Bxd4 b4 13. Na4 ({Of course not} 13. Bxg7 Rg8 14. Bf6 bxc3 15. Bxc3 Qb6 $11) 13... Nxd4 14. Rxd4 a5 15. Qc4 {[%emt 0:11:01] [#]} Qc6 $146 ({Predecessor:} 15... Ra7 16. Qxc7 Rxc7 17. Bb5 O-O 18. Nb6 d5 19. exd5 exd5 20. Nxc8 Rfxc8 21. Ba4 g6 {0-1 (51) Papakonstantinou,D (2333)-Kalogeris,I (2319) Thessaloniki 2018}) 16. Qxc6 {[%emt 0:03:53] White is more active.} Nxc6 17. Rd2 Ke7 18. Bb5 Nb8 19. Rhd1 Ra7 20. b3 Rd8 21. Kb2 Rc7 22. c3 bxc3+ 23. Nxc3 Ba6 24. a4 Bb7 25. Bc4 d6 26. Nb5 {[%emt 0:02:50] Weighted Error Value: White=0.07 (flawless) /Black=0.04 (flawless)} 1/2-1/2

[Event "Romanian Superleague 2022"]
[Site "Oradea"]
[Date "2022.09.24"]
[Round "4.5"]
[White "Itkis, Boris"]
[Black "Manea, Alexandru"]
[Result "1/2-1/2"]
[ECO "D10"]
[WhiteElo "2332"]
[BlackElo "2326"]
[Annotator "TA"]
[PlyCount "59"]
[EventDate "2022.09.21"]
[EventType "team-tourn"]
[EventCountry "ROU"]
[SourceTitle "playchess.com"]
[Source "ChessBase"]
[SourceQuality "1"]
[TimeControl "40/5400+30:1800+30"]

1. d4 d5 2. c4 c6 3. cxd5 cxd5 4. Nc3 Nc6 5. e4 dxe4 6. d5 {[%emt 0:01:35] Hoping for Qa4.} Ne5 {[%emt 0:00:06] D10: Slav Defence: 3 cxd5 (without early Nf3) and 3 Nc3.} 7. Qa4+ $1 ({Much worse is} 7. Nxe4 e6 $11) 7... Bd7 8. Qxe4 Ng6 9. Bc4 {[%emt 0:00:17] White has more active pieces.} Nf6 {[%emt 0:00:24][%cal Bg8f6,Bf6d7,Bd7e5,Be5c4][%mdl 32] [#]} 10. Qe2 {[%emt 0:00:09] [#]} Bg4 $146 ({Predecessor:} 10... a6 11. Nf3 Qc7 12. O-O Rc8 13. Bb3 b5 14. a3 Qb7 15. Re1 Rxc3 16. bxc3 Nxd5 {0-1 (40) Osmak,I (2438)-Salinas Herrera,P (2514) Chess.com INT 2020}) 11. Bb5+ Bd7 12. Nf3 Bxb5 13. Qxb5+ Qd7 14. Qxd7+ Nxd7 15. O-O {[%emt 0:04:04] aiming for Nb5.} Nge5 16. Nxe5 Nxe5 17. Be3 {[%emt 0:07:44][%cal Bc1e3,Be3d4,Bd4e5][%mdl 32] Threatens to win with Nb5.} Nc4 18. Bd4 Nd6 {[%emt 0:00:04] Inhibits Nb5.} 19. Rac1 h5 20. Be5 Kd8 21. Rfe1 Rh6 22. Ne4 (22. h4 $14) 22... Nxe4 $11 23. Rxe4 Rc8 (23... Ra6 $1 $11 {remains equal.}) 24. Rxc8+ $16 Kxc8 {[%emt 0:00:01][%mdl 4096] Endgame KRB-KRB} 25. Rf4 f6 26. Rc4+ Kd8 27. Bf4 Rg6 28. Kf1 f5 29. a4 Ra6 {[%emt 0:01:22] [#]} 30. Ke2 {[%emt 0:07:57] Weighted Error Value: White=0.09 (flawless) /Black=0.13 (very precise)} ({White should play} 30. b3 $1 $16) 1/2-1/2

[Event "Romanian Superleague 2022"]
[Site "Oradea"]
[Date "2022.09.24"]
[Round "4.6"]
[White "Antonica, Dragos-Andrei"]
[Black "Bulau, Andrei-Cristian"]
[Result "1/2-1/2"]
[ECO "A12"]
[WhiteElo "2321"]
[BlackElo "2183"]
[Annotator "TA"]
[PlyCount "34"]
[EventDate "2022.09.21"]
[EventType "team-tourn"]
[EventCountry "ROU"]
[SourceTitle "playchess.com"]
[Source "ChessBase"]
[SourceQuality "1"]
[TimeControl "40/5400+30:1800+30"]

1. Nf3 d5 2. c4 c6 3. b3 Nf6 4. Bb2 Nbd7 5. g3 g6 6. Nc3 {[%emt 0:07:18] A12: English Opening: 1...c6 with b3 by White.} Bg7 7. Bg2 O-O 8. O-O Ne4 9. Qc2 Nxc3 $1 10. Bxc3 e5 11. cxd5 cxd5 12. d3 Re8 13. Rac1 Nb6 {[%emt 0:05:10] [#]} 14. e4 $146 ({Predecessor:} 14. Ba5 Be6 15. Qc7 Qxc7 16. Rxc7 e4 17. dxe4 dxe4 18. Ng5 Bd5 19. f3 Be5 20. Rc2 exf3 21. Bxf3 {1-0 (52) Gunnarsson,A (2135)-Trujillo,O (2270) Philadelphia 1995}) 14... d4 15. Ba5 {[%emt 0:38:09] The position is equal.} Bd7 16. Nd2 Rc8 17. Nc4 Qe7 {[%emt 0:00:00] An even fight not without its subleties.  Weighted Error Value: White=0.12 (very precise) /Black=0.07 (flawless)} 1/2-1/2